Unix NetHack Version 3.7.0-102 Work-in-progress - last build Apr 6 2024 13:22:21 (d302a6a9ff6341f1a922d8f5af178406b35fdf99,branch:master). Game began 2024-04-19 09:15:07, ended 2024-04-19 09:24:18. Raisse, lawful female dwarven Archeologist ----------- |.......(.| -------- |.........| ######### |..dd..+ |.....>...| ######### |.dh@f.| -.-----.---## -.----------- |..d.... ## ##### |...........| |......| # .............# ----.--- ## |...........|# # # |...........|# ### ### -------------# # ## # #(# # ## # ## ## # ## ## -+--.--- # ###-......+ -----+- |......| |.....+ |..>...| |....<| -------- ------- Raisse the Digger St:15 Dx:9 Co:12 In:15 Wi:16 Ch:7 Lawful Dlvl:4 $:0 HP:0(24) Pw:3(3) AC:10 Xp:2/29 T:1988 Latest messages: You drop 2 scrolls labeled DUAM XNAHT. You drop an empty uncursed sack. You cannot drop something you are wearing. You drop an uncursed +0 leather jacket. You drop a scroll labeled STRC PRST SKRZ KRK. You drop a blindfold named pc. You drop an obsidian stone. You drop an uncursed +0 fedora. You drop 2 tripe rations named pc. That was all. Poes bites the werejackal. The werejackal hits Poes. There are 2 tripe rations named pc here; eat one? [ynq] (n) y Blecch! Rotten food! Are you waiting to get hit? Use 'm' prefix to force a no-op (to rest). You miss the werejackal. The werejackal hits! Poes bites the werejackal. The werejackal misses Poes. You miss the werejackal. The werejackal changes into a jackal. The werejackal bites! Poes misses the werejackal. Poes misses the werejackal. You miss the werejackal. The werejackal summons help! A jackal suddenly appears next to you! A jackal suddenly appears next to you! A jackal suddenly appears next to you! A jackal suddenly appears next to you! The werejackal bites! Poes misses the jackal. You miss the werejackal. The jackal bites! The jackal bites! You return to dwarven form! The jackal bites! The jackal bites! The werejackal bites! Poes misses the jackal. The werejackal changes into a human. You hit the werejackal. The jackal bites! The jackal bites! The jackal bites! The jackal bites! The werejackal hits! You die... Do you want your possessions identified? [ynq] (y) y Do you want to see your attributes? [ynq] (y) q Inventory: Amulets z - a blessed amulet of magical breathing (being worn) Raisse the Archeologist's attributes: Background: You were a Digger, a level 2 female dwarven Archeologist. You were lawful, on a mission for Quetzalcoatl who was opposed by Camaxtli (neutral) and Huhetotl (chaotic). You were right-handed. You were in the Dungeons of Doom, on level 4. You entered the dungeon 1988 turns ago. You had 29 experience points, 11 more were needed to attain level 3. Basics: You had 0 out of 24 hit points. You had all 3 energy points (spell power). Your armor class was 10. Your wallet was empty. Autopickup was on for '$!?/"=+' plus thrown, with exceptions. Final Characteristics: Your strength was 15 (limit:18/100). Your dexterity was 9 (limit:20). Your constitution was 12 (limit:20). Your intelligence was 15 (limit:16). Your wisdom was 16 (limit:16). Your charisma was 7 (limit:16). Final Status: You weren't hungry. You were unencumbered. You were bare handed. You were unskilled in bare handed combat. You weren't wearing any armor. Final Attributes: You were devoutly aligned. You were poison resistant. You were level-drain resistant. You had automatic searching. You had infravision. You could survive without air. You were a werejackal. You were harmed by silver. You were unlucky. Quetzalcoatl was angry with you. You are dead. Miscellaneous: You never encountered a bones level. Total elapsed playing time was 9 minutes and 10 seconds. Major events: Turn 1: Raisse the lawful female dwarven Archeologist entered the dungeon 1718: entered the Gnomish Mines 1988: killed by a werejackal Vanquished creatures: a homunculus an iguana 4 giant rats a red mold a gecko 12 jackals a fox 6 grid bugs 5 lichens 2 kobold zombies 5 newts 39 creatures vanquished. No species were genocided or became extinct. Voluntary challenges: You read items or engraved 1 time. You never engraved Elbereth. You never genocided any monsters. You never polymorphed an object. You used no wishes. Achievement: You entered the Gnomish Mines. The Dungeons of Doom: levels 1 to 5 Level 1: A fountain. Level 2: A fountain. Level 3: "spb fb" A fountain. Level 4: <- You were here. Stairs down to The Gnomish Mines. Final resting place for you, killed by a werejackal. Level 5: A fountain. The Gnomish Mines: Level 5: Game over: ---------- / \ / REST \ / IN \ / PEACE \ / \ | Raisse | | 0 Au | | killed by a | | werejackal | | | | | | 2024 | *| * * * | * _________)/\\_//(\/(/\)/\//\/|_)_______ Goodbye Raisse the Archeologist... You died in The Dungeons of Doom on dungeon level 4 with 316 points, and 0 pieces of gold, after 1988 moves. You were level 2 with a maximum of 24 hit points when you died.